 Dungeon Crawl Stone Soup version 0.18-a0-670-g393520a (webtiles) character file.

238640 Proton the Peltast (level 20, -11/165 HPs)
             Began as a Formicid Fighter on Dec 6, 2015.
             Was a High Priest of Cheibriados.
             Killed from afar by Jory (77 damage)
             ... with a crystal spear
             ... on level 2 of the Vaults.
             The game lasted 01:47:11 (33724 turns).

Proton the Peltast (Formicid Fighter)              Turns: 33724, Time: 01:47:11

Health: -11/165    AC: 26    Str: 41    XL:     20   Next: 52%
Magic:  20/31      EV: 20    Int: 27    God:    Cheibriados [*****.]
Gold:   2617       SH: 25    Dex: 22    Spells: 1 memorised, 24 levels left

rFire  + . .     SeeInvis +     R - +1 battleaxe "Umidyor" {freeze, Int+2}
rCold  + . .     Clarity  .     Z - +7 plate armour "Jyagytho" {Regen+ Int+4}
rNeg   . . .     SustAt   .     y - +0 large shield
rPois  +         Gourm    .     (helmet unavailable)
rElec  .         Spirit   .     G - +2 cloak {MR+}
rCorr  +         Dismiss  .     u - +0 pair of gloves "Uhudes Axti" {MR+ SInv}
rMut   .         Stasis   +     i - +0 pair of boots
MR     ++++.                    t - amulet of resist corrosion
Stlth  ..........               P - ring of protection from fire
                                f - ring of protection from cold

@: mesmerised, very slow, incredibly resistant to hostile enchantments,
extremely unstealthy
A: permanent stasis, dig shafts and tunnels, four strong arms, antennae 3,
talons 2, rugged brown scales 1, deformed body, poison resistance, screaming 1,
evolution 1, subdued magic 2
a: Dig, Shaft Self, Bend Time, Temporal Distortion, Slouch, Step From Time,
Renounce Religion
}: 1/15 runes: serpentine


You were on level 2 of the Vaults.
You worshipped Cheibriados.
Cheibriados was extremely pleased with you.
You were not hungry.

You visited 6 branches of the dungeon, and saw 35 of its levels.
You visited 1 bazaar.
You also visited: Labyrinth, Bailey and Ice Cave.

You collected 3997 gold pieces.
You spent 1380 gold pieces at shops.

Inventory:

Hand Weapons
 K - the +7 great mace "Undeadhunter" {disrupt, rN+}
   (You found it in a labyrinth)

   It protects you from negative energy.
 R - the +1 battleaxe "Umidyor" (weapon) {freeze, Int+2}
   (You found it on level 10 of the Dungeon)

   It has been specially enchanted to freeze those struck by it, causing extra
   injury to most foes and up to half again as much damage against particularly
   susceptible opponents.
   It can also slow down cold-blooded creatures.
   It affects your intelligence (+2).
Missiles
 O - 36 javelins (quivered)
Armour
 i - a +0 pair of boots (worn)
 u - the +0 pair of gloves "Uhudes Axti" (worn) {MR+ SInv}
   (You acquired it on level 2 of the Snake Pit)

   It affects your resistance to hostile enchantments.
   It lets you see invisible.
 y - a +0 large shield (worn)
 G - a +2 cloak of magic resistance (worn)
 Z - the +7 plate armour "Jyagytho" (worn) {Regen+ Int+4}
   (You bought it in a shop on level 6 of the Dungeon)

   It affects your intelligence (+4).
   It increases your rate of regeneration.
Jewellery
 c - a +3 ring of protection
 f - a ring of protection from cold (left hand)
 q - the ring "Domagoig" {rN+ SInv Stlth+}
   (You found it on level 13 of the Dungeon)

   [ring of see invisible]

   It protects you from negative energy.
   It lets you see invisible.
   It makes you more stealthy.
 t - an amulet of resist corrosion (around neck)
 x - a +2 ring of slaying
 P - a ring of protection from fire (right hand)
Wands
 e - a wand of teleportation (4)
 r - a wand of lightning (10)
 A - a wand of teleportation (3)
 B - a wand of cold (12)
 H - a wand of fireball (3)
 M - a wand of cold (9)
Scrolls
 a - 3 scrolls of vulnerability
 b - 9 scrolls of remove curse
 g - 7 scrolls of immolation
 j - 3 scrolls of recharging
 k - 9 scrolls of enchant armour
 m - 3 scrolls of fog
 s - 3 scrolls of noise
 w - a scroll of magic mapping
 z - 7 scrolls of enchant weapon
 C - a scroll of brand weapon {unknown}
 F - 9 scrolls of fear
 I - 6 scrolls of amnesia
 L - 2 scrolls of identify
 V - 4 scrolls of silence
Potions
 d - 6 potions of might
 h - a potion of ambrosia
 l - 7 potions of agility
 o - a potion of resistance
 p - 2 potions of magic
 v - 3 potions of invisibility
 E - 5 potions of heal wounds
 J - 7 potions of curing
 N - 4 potions of brilliance
 T - 7 potions of flight
Miscellaneous
 D - a phantom mirror
Comestibles
 n - 13 bread rations
 Q - 7 meat rations


   Skills:
 + Level 14.9 Fighting
 * Level 15.8 Axes
 + Level 14.6 Armour
 + Level 12.4 Dodging
 + Level 16.1 Shields
 - Level 5.6 Spellcasting
 - Level 7.1 Transmutations
 - Level 7.6 Earth Magic
 + Level 14.7 Invocations


You had 24 spell levels left.
You knew the following spells:

 Your Spells              Type           Power        Failure   Level  Hunger
a - Statue Form           Trmt/Erth      ###......    94%         6    ######.


Dungeon Overview and Level Annotations

Branches:
Dungeon (15/15)            Temple (0/1) D:7            Lair (8/8) D:11
 Shoals (2/4) Lair:6        Snake (4/4) Lair:3        Slime (0/6) Lair:6
    Orc (4/4) D:11            Elf (0/3) Orc:3        Vaults (2/5) D:13
 Depths (0/5) D:15
  Crypt: Vaults:2-3

Altars:
Ashenzari
Cheibriados
Dithmenos
Elyvilon
Gozag
Kikubaaqudgha
Makhleb
Nemelex Xobeh
Pakellas
Ru
Sif Muna
Trog
Vehumet
Yredelemnul
The Shining One
Beogh

Shops:
D:6 [:   D:11 :   D:12 }:?=   Orc:1 }   Orc:3 =   Orc:4 !(%!   Vaults:1 :

Annotations:
D:2 Sigmund
Vaults:2 Jory


Innate Abilities, Weirdness & Mutations

You are under a permanent stasis effect.
You can dig through walls and to a lower floor.
Your four strong arms can wield two-handed weapons with a shield.
You have a pair of large antennae on your head (SInv).
You have razor-sharp toenails.
You are partially covered in rugged brown scales (AC +1, +3% HP).
Armour fits poorly on your strangely shaped body.
Your system is resistant to poisons.
You occasionally shout uncontrollably at your foes.
You evolve.
Your spells are easier to cast, but less powerful.


Message History

You kill the centaur warrior!
Cheibriados thoroughly appreciates the change of pace.
You kill the ogre mage!
Cheibriados thoroughly appreciates the change of pace.
You kill the ogre!
Cheibriados appreciates the change of pace.
You kill the ironbrand convoker!
Cheibriados appreciates the change of pace.
You kill the hell knight!
Cheibriados thoroughly appreciates the change of pace.
You kill the two-headed ogre!
Cheibriados thoroughly appreciates the change of pace.
You kill the ogre!
Cheibriados thoroughly appreciates the change of pace.
You kill the ogre!
Cheibriados appreciates the change of pace.
You feel somewhat more hungry. Jory casts a spell at you.
The crystal spear hits you!
You die...

## ##..<.##
#.###......#
#..#..>....#
#....<..#..#
#......###.#
##....## ###
##..(.##
##.)..#
##@#######
#))))....
{#pVp)#.#.{
{)pB))#
{#...)# {
#.###). {
#.. ... {{
#.# ..# #..
#.


You could see Jory, an ironheart preserver, a boulder beetle and 2 hell knights.

Vanquished Creatures
  Margery (Vaults:2)
  Vashnia (Snake:2)
  A storm dragon (D:13)
  Frances (Shoals:1)
  Kirke (Lair:8)
  6 greater nagas (Snake:4)
  A fire giant (D:13)
  Aizul (Snake:2)
  Louise (D:15)
  A deep elf sorcerer (Vaults:1)
  2 ironheart preservers (Vaults:1)
  Azrael (Snake:3)
  A deep elf demonologist (Vaults:1)
  A deep elf annihilator (Vaults:1)
  A minotaur (Lab)
  A merfolk javelineer (Shoals:1)
  2 fire dragons (Lair:8)
  8 vault guards
  Josephine (Lair:8)
  12 hydras
  Fannar (Orc:1)
  24 naga warriors
  2 yaktaur captains (Vaults:1)
  Harold (Orc:1)
  A catoblepas (Lair:8)
  Erica (D:10)
  A merfolk avatar (Shoals:1)
  6 centaur warriors
  11 anacondas
  4 ogre magi
  A tengu warrior (D:15)
  7 death yaks
  A deep elf knight (Bailey)
  4 orc high priests
  4 shock serpents
  A fire crab (Lair:5)
  Sonja (D:10)
  Nergalle (Lair:4)
  2 wizards
  23 naga sharpshooters
  2 sea snakes (Shoals:1)
  4 hell knights (Vaults:2)
  A shadow wraith (Vaults:1)
  2 salamander mystics (Snake:4)
  A giant orange brain (D:13)
  3 unseen horrors
  A deep elf summoner (Vaults:1)
  7 hill giants
  A lindwurm (Lair:8)
  3 ironbrand convokers
  4 harpies (Shoals:1)
  13 mana vipers
  3 deep elf conjurers (D:15)
  8 orc knights
  3 wolf spiders (Vaults:1)
  7 naga ritualists
  2 griffons
  5 orc sorcerers (Orc:4)
  2 cyclopes
  A hornet (D:13)
  A necromancer (Vaults:2)
  A wolf spider zombie (D:15)
  2 water nymphs (Shoals:1)
  A black mamba (shapeshifter) (D:13)
  3 oklob plants (Lair:2)
  3 manticores
  17 ugly things
  13 salamanders
  A moth of wrath (shapeshifter) (Vaults:1)
  A siren (Shoals:1)
  18 naga magi
  12 elephants
  2 ice statues (IceCv)
  2 gargoyles (D:15)
  A vault sentinel (Vaults:2)
  12 guardian serpents
  6 torpor snails (Lair:8)
  14 spiny frogs
  36 black mambas
  10 komodo dragons
  2 centaur skeletons
  3 kobold demonologists (D:13)
  3 deep elf priests
  4 yaktaurs
  The ghost of onono the Quickloader, a novice KoAM (D:5)
  4 fire drakes
  A tengu conjurer (D:15)
  5 giant leeches (Lair:8)
  3 merfolk (Shoals:1)
  4 trolls
  7 ice devils (IceCv)
  10 two-headed ogres
  38 blink frogs
  2 freezing wraiths
  A hornet zombie (D:15)
  A snapping turtle (Shoals:1)
  6 slime creatures (D:12)
  2 wyverns (D:12)
  2 redbacks (Vaults:2)
  5 deep elf fighters
  A water elemental (Shoals:1)
  2 yaks (shapeshifter)
  3 shadows
  10 deep elf magi
  A steam dragon (Lair:5)
  6 wraiths
  5 fire elementals (Snake:3)
  4 hogs (Lair:8)
  69 yaks
  5 basilisks
  8 hippogriffs
  A human (D:8)
  5 mottled dragons
  3 hungry ghosts
  5 vampire mosquitoes
  3 wolves (Lair:7)
  A soldier ant (D:15)
  Edmund (D:4)
  4 wargs
  72 nagas
  23 water moccasins
  3 hell hounds (Snake:3)
  3 eyes of draining
  28 orc warriors
  10 porcupines
  3 wasps (Lair:8)
  A boggart (shapeshifter) (Vaults:1)
  A necrophage (D:7)
  An eye of draining (shapeshifter) (Vaults:2)
  7 sky beasts
  4 swamp drakes
  3 black bears
  12 ice beasts
  A tengu (shapeshifter) (D:14)
  25 centaurs
  A phantom (D:5)
  4 boggarts (Vaults:1)
  20 crocodiles
  33 ogres
  4 big kobolds (D:13)
  38 giant frogs
  A water moccasin zombie (D:12)
  2 scorpions
  3 killer bees (D:12)
  9 wights
  A centaur zombie (D:5)
  2 electric eels (Lair:2)
  5 crimson imps
  31 orc priests
  17 hounds
  35 orc wizards
  2 giant frog zombies
  5 jellies
  3 quasits
  13 iguanas
  4 giant frog skeletons
  8 worker ants
  10 sheep
  A hound zombie (D:5)
  A human simulacrum (D:13)
  2 hound skeletons
  A worker ant zombie (D:5)
  13 adders
  3 gnolls (D:4)
  134 river rats
  3 shadow imps
  11 white imps (IceCv)
  5 ufetubi (IceCv)
  An adder zombie (D:5)
  2 oozes (Lair:6)
  2 adder skeletons (D:9)
  20 worms
  9 giant geckos
  166 orcs
  2 ball pythons
  8 bats
  6 giant cockroaches
  5 hobgoblins
  6 jackals (D:4)
  6 quokkas
  A giant gecko skeleton (D:5)
  11 giant newts
  9 goblins
  10 kobolds
  9 rats
  3 bushes
  10 fungi
  8 plants
1528 creatures vanquished.

Vanquished Creatures (others)
  An ogre mage (D:15)
  2 wizards
  A cyclops (D:13)
  An ugly thing (D:13)
  A gargoyle (D:13)
  A naga (Snake:2)
  An orc simulacrum (Vaults:1)
  A human simulacrum (D:13)
  A river rat (Lair:4)
  An ufetubus (IceCv)
  2 butterflies (Lair:6)
  20 fungi
  27 plants
60 creatures vanquished.

Grand Total: 1588 creatures vanquished

Notes
Turn   | Place    | Note
--------------------------------------------------------------
     0 | D:1      | Proton the Formicid Fighter began the quest for the Orb.
     0 | D:1      | Reached XP level 1. HP: 18/18 MP: 1/1
   266 | D:1      | Reached XP level 2. HP: 24/24 MP: 2/2
   624 | D:1      | Reached XP level 3. HP: 29/29 MP: 3/3
   795 | D:2      | Reached skill level 4 in Shields
  1149 | D:2      | Reached XP level 4. HP: 37/37 MP: 4/4
  1260 | D:2      | Found a snail-covered altar of Cheibriados.
  1264 | D:2      | Became a worshipper of Cheibriados the Contemplative
  1267 | D:2      | Noticed Sigmund
  1272 | D:2      | You fall through a shaft for 2 floors!
  1528 | D:4      | Reached skill level 1 in Dodging
  1684 | D:4      | Reached XP level 5. HP: 24/42 MP: 5/5
  1907 | D:3      | Reached * piety under Cheibriados
  1922 | D:3      | Reached skill level 1 in Invocations
  1966 | D:3      | You fall through a shaft for 3 floors!
  2288 | D:6      | Reached XP level 6. HP: 48/48 MP: 5/7
  2314 | D:6      | Reached skill level 5 in Shields
  2564 | D:6      | Found Emanef's Antique Armour Shop.
  2623 | D:6      | Reached XP level 7. HP: 43/55 MP: 8/8
  2725 | D:5      | Entered Level 5 of the Dungeon
  2748 | D:5      | Found a shadowy altar of Dithmenos.
  3109 | D:5      | Reached ** piety under Cheibriados
  3120 | D:5      | Reached XP level 8. HP: 48/61 MP: 8/10
  3150 | D:5      | Noticed onono's ghost (novice KoAM)
  3166 | D:5      | Killed onono's ghost
  3166 | D:5      | Reached skill level 5 in Fighting
  3166 | D:5      | Reached skill level 5 in Axes
  3223 | D:5      | Found a glowing golden altar of the Shining One.
  3226 | D:5      | Reached skill level 5 in Armour
  3240 | D:5      | Found a deep blue altar of Sif Muna.
  3321 | D:4      | Noticed Edmund
  3331 | D:4      | Killed Edmund
  3331 | D:4      | Reached skill level 6 in Shields
  3794 | D:3      | You fall through a shaft!
  3813 | D:4      | Reached *** piety under Cheibriados
  3981 | D:4      | Found a sparkling altar of Nemelex Xobeh.
  3981 | D:4      | Found an opulent altar of Gozag.
  4162 | D:3      | Reached XP level 9. HP: 34/68 MP: 10/12
  4885 | D:5      | Gained mutation: You are robust (+10% HP). [potion of beneficial mutation]
  4960 | D:5      | Reached **** piety under Cheibriados
  5461 | D:6      | Found Wiomp's Book Shop.
  5615 | D:6      | Gained mutation: You are agile. (Dex +2) [mutagenic meat]
  5616 | D:6      | Gained mutation: Your mind is acute. (Int +2) [mutagenic meat]
  5914 | D:6      | Reached skill level 7 in Axes
  6105 | D:6      | Reached skill level 5 in Invocations
  6189 | D:7      | Reached ***** piety under Cheibriados
  6506 | D:7      | Reached XP level 10. HP: 83/83 MP: 13/13
  6576 | D:7      | Found a staircase to the Ecumenical Temple.
  6619 | D:7      | Found a burning altar of Makhleb.
  6888 | D:8      | Found a shattered altar of Ashenzari.
  7039 | D:8      | Got a transparent robe
  7050 | D:8      | Identified the cursed +1 robe of Impotiu {rElec rC+} (You found it on level 8 of the Dungeon)
  7343 | D:8      | Reached skill level 8 in Axes
  7431 | D:8      | Gained mutation: You have sharp toenails. [mutagenic meat]
  7433 | D:8      | Gained mutation: Scrolls take you a little longer to read. [mutagenic meat]
  7456 | D:8      | Found a basalt altar of Yredelemnul.
  7833 | D:8      | Found an oddly glowing altar of Pakellas.
  8007 | D:8      | Found an ancient bone altar of Kikubaaqudgha.
  8255 | D:9      | Found a sacrificial altar of Ru.
  8382 | D:9      | Found a white marble altar of Elyvilon.
  8383 | D:9      | Gained mutation: Armour fits poorly on your strangely shaped body. [mutagenic meat]
  8385 | D:9      | Gained mutation: Your spells are a little easier to cast, but a little less powerful. [mutagenic meat]
  8386 | D:9      | Gained mutation: Your system is resistant to poisons. [mutagenic meat]
  8387 | D:9      | Gained mutation: You have razor-sharp toenails. [mutagenic meat]
  8389 | D:9      | Gained mutation: Scrolls take you longer to read. [mutagenic meat]
  8406 | D:9      | Lost mutation: You are robust (+10% HP). [potion of mutation]
  8587 | D:9      | Found a radiant altar of Vehumet.
  8587 | D:9      | Found a bloodstained altar of Trog.
  8606 | D:9      | Reached ****** piety under Cheibriados
  8606 | D:9      | Reached skill level 5 in Dodging
  8966 | D:10     | Entered Level 10 of the Dungeon
  9036 | D:10     | Reached XP level 11. HP: 79/83 MP: 14/16
  9077 | D:10     | Gained mutation: Your flesh is heat resistant. [mutagenic meat]
  9085 | D:10     | Noticed Sonja
  9100 | D:10     | Killed Sonja
  9195 | D:10     | Reached skill level 9 in Shields
  9213 | D:10     | Noticed Erica
  9403 | D:10     | Killed Erica
  9528 | D:10     | Got a faintly glowing battleaxe
  9529 | D:10     | Identified the cursed +1 battleaxe "Umidyor" {freeze, Int+2} (You found it on level 10 of the Dungeon)
  9646 | D:11     | Found Juner Ypuliz's Book Boutique.
  9739 | D:11     | Found a staircase to the Lair.
  9770 | D:11     | Reached XP level 12. HP: 63/93 MP: 17/17
  9972 | D:11     | Found a staircase to the Orcish Mines.
 10078 | D:11     | Found a shattered altar of Ashenzari.
 10385 | D:12     | Noticed a four-headed hydra
 10394 | D:12     | Killed a one-headed hydra
 10558 | D:12     | Reached skill level 10 in Shields
 10677 | D:12     | Gained mutation: Your body sometimes deteriorates upon taking damage. [mutagenic meat]
 10679 | D:12     | Lost mutation: You are agile. (Dex +2) [mutagenic meat]
 10834 | D:12     | Found Xeki's Book Boutique.
 10855 | D:12     | Found Susoip's Gadget Shoppe.
 10857 | D:12     | Found Xanack's Magic Scroll Boutique.
 10875 | D:12     | Reached skill level 10 in Axes
 11077 | D:12     | Found a burning altar of Makhleb.
 11211 | D:12     | Lost mutation: Your mind is acute. (Int +2) [mutagenic meat]
 11212 | D:12     | Gained mutation: Scrolls take you much longer to read. [mutagenic meat]
 11214 | D:12     | Lost mutation: Armour fits poorly on your strangely shaped body. [mutagenic meat]
 11215 | D:12     | Gained mutation: Your spells are easier to cast, but less powerful. [mutagenic meat]
 11416 | D:12     | Found Cytaifask's Jewellery Boutique.
 11721 | D:6      | Bought a translucent plate armour for 700 gold pieces
 11739 | D:6      | Identified the +7 plate armour "Jyagytho" {Regen+ Int+4} (You bought it in a shop on level 6 of the Dungeon)
 11916 | D:13     | Noticed a vault guard
 11916 | D:13     | Noticed a vault guard
 11917 | D:13     | Noticed a vault guard
 11917 | D:13     | Found a gate to the Vaults.
 11917 | D:13     | Noticed a vault guard
 11917 | D:13     | Noticed a vault guard
 11929 | D:13     | Killed a vault guard
 11935 | D:13     | Killed a vault guard
 11935 | D:13     | Reached XP level 13. HP: 101/101 MP: 18/20
 11940 | D:13     | Killed a vault guard
 11946 | D:13     | Killed a vault guard
 11958 | D:13     | Killed a vault guard
 11958 | D:13     | Reached skill level 10 in Armour
 12009 | D:13     | Noticed a vault guard
 12023 | D:13     | Noticed a fire giant
 12023 | D:13     | Killed a vault guard
 12023 | D:13     | Reached skill level 11 in Shields
 12034 | D:13     | Noticed a storm dragon
 12037 | D:13     | Killed a fire giant
 12037 | D:13     | Reached skill level 10 in Invocations
 12037 | D:13     | Reached skill level 10 in Fighting
 12039 | D:13     | Noticed a vault guard
 12045 | D:13     | Killed a storm dragon
 12066 | D:13     | Killed a vault guard
 12100 | D:13     | Gained mutation: You are dopey. (Int -2) [potion of mutation]
 12101 | D:13     | Gained mutation: You evolve. [potion of mutation]
 12101 | D:13     | Gained mutation: You possess an exceptional clarity of mind. [potion of mutation]
 12233 | D:13     | Found a flickering gateway to a bazaar.
 12238 | Bazaar   | Entered a bazaar
 12238 | Bazaar   | Found Waif's Food Boutique.
 12238 | Bazaar   | Found Qenuddeo's Weapon Emporium.
 12238 | Bazaar   | Found Peso's Book Emporium.
 12378 | Bazaar   | Found Nyonatux's Magic Scroll Shoppe.
 12378 | Bazaar   | Found Quwaf's Antique Armour Shoppe.
 12471 | D:13     | Reached XP level 14. HP: 109/111 MP: 21/21
 12515 | D:13     | Got a transparent bone ring
 12517 | D:13     | Identified the ring "Domagoig" {rN+ SInv Stlth+} (You found it on level 13 of the Dungeon)
 13278 | D:14     | Lost mutation: Your body sometimes deteriorates upon taking damage. [mutagenic meat]
 13444 | D:14     | Learned a level 6 spell: Statue Form
 13465 | D:14     | Reached skill level 12 in Shields
 13483 | D:14     | Reached skill level 1 in Earth Magic
 13487 | D:14     | Reached skill level 1 in Spellcasting
 13592 | D:14     | Reached skill level 1 in Transmutations
 14050 | D:15     | Entered Level 15 of the Dungeon
 14050 | D:15     | Noticed Louise
 14075 | D:15     | Killed Louise
 14303 | D:15     | Lost mutation: You possess an exceptional clarity of mind. [mutagenic meat]
 14322 | D:15     | Found a white marble altar of Elyvilon.
 14749 | D:15     | Reached XP level 15. HP: 119/119 MP: 23/23
 14967 | D:15     | Found a staircase to the Depths.
 14973 | D:15     | Gained mutation: You are agile. (Dex +2) [evolution]
 14973 | D:15     | Lost mutation: You evolve. [end of evolution]
 15092 | Lair:1   | Entered Level 1 of the Lair of Beasts
 15113 | Lair:1   | Found a labyrinth entrance.
 15122 | Lab      | Entered a labyrinth
 15384 | Lab      | Identified Ketipnes's Guide on Displacement and Aid
 16123 | Lair:2   | Found a burning altar of Makhleb.
 17362 | Lair:3   | Found a staircase to the Snake Pit.
 18595 | Lair:4   | Reached skill level 5 in Earth Magic
 18607 | Lair:4   | Noticed Nergalle
 18629 | Lair:4   | Killed Nergalle
 19550 | Lair:5   | Reached skill level 13 in Shields
 19634 | Lair:5   | Lost mutation: Your flesh is heat resistant. [potion of mutation]
 19873 | Lair:5   | Reached XP level 16. HP: 127/127 MP: 25/25
 20372 | Lair:6   | Reached skill level 5 in Transmutations
 20429 | Lair:6   | Found a sacrificial altar of Ru.
 20683 | Lair:6   | Found a staircase to the Shoals.
 20735 | Lair:6   | Found a staircase to the Slime Pits.
 21884 | Lair:8   | Entered Level 8 of the Lair of Beasts
 22114 | Lair:8   | Reached skill level 10 in Dodging
 22257 | Lair:8   | Noticed Josephine
 22269 | Lair:8   | Killed Josephine
 22276 | Lair:8   | Found a frozen archway.
 22294 | IceCv    | Entered an ice cave
 22378 | IceCv    | Gained mutation: You are partially covered in rugged brown scales (AC +1, +3% HP). [potion of mutation]
 23102 | Lair:8   | Found a runed door.
 23188 | Lair:8   | Reached skill level 5 in Spellcasting
 23218 | Lair:8   | Reached XP level 17. HP: 130/139 MP: 26/26
 23465 | Lair:8   | Noticed Kirke
 23483 | Lair:8   | Killed Kirke
 23949 | Orc:1    | Entered Level 1 of the Orcish Mines
 24121 | Orc:1    | Noticed Fannar
 24139 | Orc:1    | Killed Fannar
 24261 | Orc:2    | Found a roughly hewn altar of Beogh.
 24353 | Orc:1    | Noticed Harold
 24364 | Orc:1    | Killed Harold
 24406 | Orc:1    | Found Tiakol's Quality Used Wands.
 24878 | Orc:3    | Found a flagged portal.
 24888 | Bailey   | Entered a bailey
 24974 | Bailey   | Identified the Disquisition on Feathery Orientation
 25054 | Orc:3    | Found a staircase to the Elven Halls.
 25058 | Orc:3    | Found Zosoopt's Jewellery Shop.
 25563 | Orc:4    | Entered Level 4 of the Orcish Mines
 26053 | Orc:4    | Found Eshet's Food Emporium.
 26206 | Orc:4    | Found Warchaduips's Distillery.
 26212 | Orc:4    | Bought a potion of beneficial mutation for 420 gold pieces
 26212 | Orc:4    | Found Fifudd's Weapon Shop.
 26214 | Orc:4    | Found Reock's Distillery.
 26222 | Orc:4    | Bought 2 potions of heal wounds for 140 gold pieces
 26261 | Orc:4    | Bought a potion of resistance for 120 gold pieces
 26443 | Snake:1  | Entered Level 1 of the Snake Pit
 26607 | Snake:1  | Reached skill level 14 in Axes
 26906 | Snake:1  | Gained mutation: Your body sometimes deteriorates upon taking damage. [mutagenic meat]
 27239 | Snake:1  | Reached XP level 18. HP: 141/147 MP: 27/27
 27567 | Snake:2  | Noticed Vashnia
 27630 | Snake:2  | Killed Vashnia
 27659 | Snake:2  | Lost mutation: You are dopey. (Int -2) [mutagenic meat]
 27660 | Snake:2  | Gained mutation: Your flesh is heat resistant. [mutagenic meat]
 27941 | Snake:2  | Noticed Aizul
 27950 | Snake:2  | Killed Aizul
 27956 | Snake:2  | Gained mutation: You are dopey. (Int -2) [mutagenic meat]
 27957 | Snake:2  | Gained mutation: Armour fits poorly on your strangely shaped body. [mutagenic meat]
 27958 | Snake:2  | Lost mutation: Your flesh is heat resistant. [potion of cure mutation]
 27958 | Snake:2  | Lost mutation: You are dopey. (Int -2) [potion of cure mutation]
 27958 | Snake:2  | Lost mutation: Your body sometimes deteriorates upon taking damage. [potion of cure mutation]
 27958 | Snake:2  | Lost mutation: Scrolls take you much longer to read. [potion of cure mutation]
 27958 | Snake:2  | Lost mutation: Scrolls take you longer to read. [potion of cure mutation]
 27958 | Snake:2  | Lost mutation: Your spells are easier to cast, but less powerful. [potion of cure mutation]
 27958 | Snake:2  | Lost mutation: You are agile. (Dex +2) [potion of cure mutation]
 28026 | Snake:2  | Identified a scroll of acquirement
 28028 | Snake:2  | Got a pair of faintly humming gloves
 28039 | Snake:2  | Identified the +0 pair of gloves "Uhudes Axti" {MR+ SInv} (You acquired it on level 2 of the Snake Pit)
 28647 | Snake:3  | Noticed Azrael
 28656 | Snake:3  | Killed Azrael
 29544 | Snake:4  | Entered Level 4 of the Snake Pit
 29573 | Snake:3  | Gained mutation: You are weak. (Str -2) [mutagenic meat]
 29641 | Snake:4  | Lost mutation: Scrolls take you a little longer to read. [mutagenic meat]
 29642 | Snake:4  | Lost mutation: You are weak. (Str -2) [mutagenic meat]
 29719 | Snake:4  | Reached skill level 15 in Shields
 29719 | Snake:4  | Reached XP level 19. HP: 139/156 MP: 29/29
 30162 | Snake:4  | Reached skill level 15 in Axes
 30969 | Snake:4  | Got a serpentine rune of Zot
 31325 | Shoals:1 | Entered Level 1 of the Shoals
 31337 | Shoals:1 | Got an ichor-stained ring mail
 31349 | Shoals:1 | Identified the +2 ring mail "Soipt" {rElec} (You found it on level 1 of the Shoals)
 31519 | Shoals:1 | Noticed Frances
 31533 | Shoals:1 | Killed Frances
 32491 | Vaults:1 | Entered Level 1 of the Vaults
 32520 | Vaults:1 | Reached XP level 20. HP: 152/164 MP: 30/30
 32687 | Vaults:1 | Lost mutation: Armour fits poorly on your strangely shaped body. [mutagenic meat]
 32688 | Vaults:1 | Gained mutation: You occasionally shout uncontrollably at your foes. [mutagenic meat]
 32689 | Vaults:1 | Gained mutation: You evolve. [potion of beneficial mutation]
 32828 | Vaults:1 | Gained mutation: You are partially covered in icy blue scales (AC +1). [mutagenic meat]
 32830 | Vaults:1 | Lost mutation: You are partially covered in icy blue scales (AC +1). [mutagenic meat]
 32831 | Vaults:1 | Gained mutation: Armour fits poorly on your strangely shaped body. [mutagenic meat]
 32832 | Vaults:1 | Gained mutation: Your spells are easier to cast, but less powerful. [mutagenic meat]
 33201 | Vaults:1 | Found Oseiben's Book Emporium.
 33385 | Vaults:1 | Noticed a Brimstone Fiend
 33397 | Vaults:1 | Reached skill level 16 in Shields
 33705 | Vaults:2 | Noticed Margery
 33717 | Vaults:2 | Noticed Jory
 33724 | Vaults:2 | Killed Margery
 33724 | Vaults:2 | Killed from afar by Jory

Vault maps used:
D:1:      mrwooster_arrival_statue_3
D:2:      overflow_temple_1_default, minmay_hedge_maze, uniq_sigmund
D:3:      serial_forest, infiniplex_forest_split, infiniplex_forest_straight_3,
          infiniplex_forest_lined_1, infiniplex_forest_straight_5,
          infiniplex_forest_lined_3_way, infiniplex_forest_zigzag_1,
          infiniplex_forest_straight_2, infiniplex_forest_lined_room_
D:4:      grunt_temple_overflow_opulence, corner_web_ring, uniq_edmund
D:5:      grunt_dithmenos_shadows, overflow_temple_1_default,
          lemuel_doored_altar, first_bread, kennysheep_decorative_pillar
D:6:      serial_shops, nicolae_shop_statue_plus, nicolae_shop_statue_plus,
          grunt_ministairs_9
D:7:      makhleb_blood_cavern_becter, minmay_temple_entry_junction
D:8:      overflow_temple_1_default, kennysheep_little_box,
          nicolae_overflow_hidden_temple, grunt_livestock
D:9:      lemuel_crystal_altar, nicolae_ru_sacrificial_ziggurat,
          gammafunk_temple_overflow_wave, serial_column_ruins,
          column_ruins_open_small, column_ruins_columns_straight,
          column_ruins_open_small, column_ruins_corridor_water,
          column_ruins_open_tiny, column_ruins_corridor_straight
D:10:     uniq_sonja, uniq_erica
D:11:     minmay_lair_entry_grove, orc_0_dummy, serial_shops,
          nicolae_shop_crystal, nicolae_ashenzari_panopticon
D:12:     serial_shops, kennysheep_mini, shop_statue, shop,
          nicolae_shop_temple_entry_statues_fountains, basic_altar
D:13:     minmay_strange_plus, erik_vaults_2, serial_shops, freezing_bzr,
          bh_circular_ruins
D:14:     minivault_4
D:15:     grunt_enter_depths_magical_seal, elyvilon_altar_5, uniq_louise
Lair:1:   lab_entry_generic
Lair:2:   basic_altar, disabler_island, infiniplex_staircase_pool
Lair:3:   guppyfry_snake_entry_garden, nicolae_quartered_pool_super,
          nicolae_lair_grove_arrangements, patterned_corridor
Lair:4:   minivault_26, st_stairs_11, uniq_nergalle
Lair:5:   serial_bayou_shore_b
Lair:6:   minmay_shoals_entry_centaurs, nicolae_slime_entry_slimehenge,
          basic_altar, pond, lemuel_fruit_fields
Lair:7:   beast_lair_carwin_10, grunt_megastairs_1
Lair:8:   guppyfry_lair_end_dragon, wormcave, portal_ice_cave_entry_ice_beasts,
          grunt_megastairs_2, uniq_josephine, uniq_kirke
Shoals:1: uniq_frances
Shoals:2: uniq_polyphemus
Snake:1:  serial_bayou_pond_c, guppyfry_library_mini, grunt_megastairs_4
Snake:2:  uniq_vashnia, uniq_aizul
Snake:3:  serial_bayou_pond_d, uniq_azrael
Snake:4:  johnstein_snake_rune_scales
Orc:1:    nicolae_for_you_no_charge, uniq_harold, uniq_fannar
Orc:2:    minmay_orc_temple_c
Orc:3:    enter_bailey_2, serial_shops, shop, nicolae_orc_pool_cavern
Orc:4:    st_orc_elflike
Vaults:1: grunt_vaults_swirl, v_misc_33, nicolae_vaults_three_branches,
          vaults_standard_mumra_x, nicolae_vaults_theta, ontoclasm_vaults_chip,
          vaults_room_hallway, ontoclasm_vaults_pinch, hangedman_vaults_pinch,
          nicolae_vaults_asterisk, ontoclasm_vaults_ligature,
          nicolae_vaults_little_squares_1, ontoclasm_vaults_claustrophobia,
          nicolae_vaults_little_squares_4, ontoclasm_vaults_idyll, serial_shops,
          shop
Vaults:2: nicolae_vaults_diagonal_hallway_6, nicolae_vaults_what_the_h,
          nicolae_vaults_angled_halls, st_octagons_2,
          ontoclasm_vaults_ring_square, ontoclasm_vaults_twist,
          hangedman_vaults_nails, ontoclasm_vaults_ring_square,
          nicolae_vaults_triangles, vaults_room_door_hall,
          nicolae_vaults_yaktaur_gun_rack, vaults_dpeg_cross,
          vaults_mumra_chevron, v_misc_13, serial_shops, shop, uniq_jory,
          uniq_mennas, uniq_sojobo, uniq_margery
Lab:      nicolae_lab_dead_adventurers, nicolae_lab_hexagon,
          nicolae_lab_dead_end, labyrinth_skeletal_remains, nicolae_lab_t_cross,
          labyrinth_lava_lair
Bazaar:   bazaar_jpeg_oval
Bailey:   bailey_polearm_3, bailey
IceCv:    ice_cave_small_demon

Action                   |  1- 3 |  4- 6 |  7- 9 | 10-12 | 13-15 | 16-18 | 19-21 || total
-------------------------+-------+-------+-------+-------+-------+-------+-------++-------
Melee: War axe           |   147 |   118 |   423 |   280 |       |       |   155 ||  1123
       Battleaxe         |       |       |       |   206 |   489 |  1200 |   489 ||  2384
       Scimitar          |       |       |       |     5 |    21 |       |       ||    26
       Great mace        |       |       |       |       |   421 |   391 |       ||   812
Throw: Javelin           |       |       |       |     4 |    14 |       |    10 ||    28
Invok: Bend Time         |       |       |       |       |     4 |       |     3 ||     7
       Slouch            |       |       |       |       |     2 |     1 |     8 ||    11
       Temporal Distorti |       |       |       |       |       |       |     2 ||     2
       Step From Time    |       |       |       |       |       |       |     2 ||     2
 Abil: Shaft Self        |       |     2 |     1 |       |       |       |       ||     3
       Dig               |       |     1 |     3 |     5 |    15 |    10 |       ||    34
Evoke: Wand              |       |       |       |       |     9 |       |       ||     9
  Use: Scroll            |       |       |    16 |     6 |     8 |     9 |       ||    39
       Potion            |       |       |     1 |     1 |     6 |     3 |     1 ||    12
 Stab: Distracted        |       |       |       |       |     1 |       |     1 ||     2
  Eat: Bread ration      |     1 |       |     2 |       |       |       |       ||     3
       Royal jelly       |       |     1 |       |       |     1 |     1 |       ||     3
       Chunk             |       |       |     2 |    24 |     5 |    16 |    13 ||    60
       Pizza             |       |       |       |     3 |     4 |     4 |     2 ||    13
       Meat ration       |       |       |       |     1 |     2 |     1 |     3 ||     7
       Beef jerky        |       |       |       |       |     1 |     4 |       ||     5
       Fruit             |       |       |       |       |       |     3 |       ||     3
